 Dungeon Crawl Stone Soup version 0.28-a0-793-g31680bbd8b (webtiles) character file.

Game seed: 9401578631214447002

1341 Ijustatesigmund the Shield-Bearer (level 8, -2/67 HPs)
             Began as a Gnoll Fighter on Nov 4, 2021.
             Slain by a sky beast (6 damage)
             ... on level 6 of the Dungeon.
             The game lasted 00:08:08 (4467 turns).

Ijustatesigmund the Shield-Bearer (Gnoll Fighter)   Turns: 4467, Time: 00:08:09

Health: -2/67      AC: 18    Str: 12 (15) XL:     8   Next: 62%
Magic:  13/13      EV:  4    Int:  8 (10) God:
Gold:   231        SH: 11    Dex: 10 (12) Spells: 13/13 levels left

rFire   . . .      SeeInvis .   a - +0 war axe
rCold   . . .      Faith    .   c - +1 buckler
rNeg    . . .      Spirit   .   b - +0 plate armour
rPois   .          Reflect  +   f - +2 helmet
rElec   .          Harm     .   e - +0 cloak
rCorr   +          Rampage  .   (no gloves)
Will    .....                   (no boots)
Stlth   ..........              i - amulet of reflection
HPRegen 0.21/turn               l - ring of resist corrosion
MPRegen 0.13/turn               (no ring)

@: hasted, very quick
A: fangs 1, strong nose, distributed training
a: no special abilities


You were on level 6 of the Dungeon.
You visited 1 branch of the dungeon, and saw 6 of its levels.

You collected 231 gold pieces.

Inventory:

Hand Weapons
 a - a +0 war axe (weapon)
Armour
 b - a +0 plate armour (worn)
 c - a +1 buckler (worn)
 e - a +0 cloak (worn)
 f - a +2 helmet (worn)
Jewellery
 i - an amulet of reflection (around neck)
 l - a ring of resist corrosion (left hand)
 m - a ring of ice
 o - a ring of protection from fire
Wands
 q - a wand of charming (3)
 s - a wand of acid (12)
Scrolls
 h - a scroll of fear
 n - a scroll of holy word
 r - a scroll of identify
Potions
 d - a potion of might
 j - 2 potions of flight


   Skills:
 + Level 7.4 Fighting
 + Level 3.4 Short Blades
 + Level 3.4 Long Blades
 + Level 5.8 Axes
 + Level 3.4 Maces & Flails
 + Level 3.4 Polearms
 + Level 3.4 Staves
 + Level 3.4 Slings
 + Level 3.4 Bows
 + Level 3.4 Crossbows
 + Level 3.4 Throwing
 + Level 7.4 Armour
 + Level 3.4 Dodging
 + Level 3.4 Stealth
 + Level 7.4 Shields
 + Level 3.4 Unarmed Combat
 + Level 3.4 Spellcasting
 + Level 2.8 Conjurations
 + Level 2.8 Hexes
 + Level 2.8 Summonings
 + Level 2.8 Necromancy
 + Level 2.8 Translocations
 + Level 2.8 Transmutations
 + Level 2.8 Fire Magic
 + Level 2.8 Ice Magic
 + Level 2.8 Air Magic
 + Level 2.8 Earth Magic
 + Level 2.8 Poison Magic
 + Level 3.8 Invocations
 + Level 3.4 Evocations


You had 13 spell levels left.
You didn't know any spells.
Your spell library contained the following spells:

 Spells                   Type           Power      Damage    Failure   Level
 Magic Dart               Conj           20%        1d4       100%        1
 Searing Ray              Conj           10%        2d4       100%        2
 Portal Projectile        Hex/Tloc       10%        N/A       100%        3
 Fulminant Prism          Conj/Hex       2%         3d6       100%        4
 Blade Hands              Tmut           2%         N/A       100%        5
 Excruciating Wounds      Necr           2%         N/A       100%        5


Dungeon Overview and Level Annotations

Branches:
Dungeon (6/15)             Temple (0/1) D:6

Altars:
Ashenzari
Fedhas
Hepliaklqana
Qazlal
Trog

Shops:
D:3 [


Innate Abilities, Weirdness & Mutations

You have very sharp teeth.
Your uncanny sense of smell can sniff out nearby items.
Your experience applies equally to all skills.


Message History

Reactivating autopickup.
The sky beast flickers out of sight!
Deactivating autopickup; reactivate with Ctrl-A.
A sky beast appears from thin air!
Reactivating autopickup.
Found a stone staircase leading down.
The sky beast flickers out of sight!
Deactivating autopickup; reactivate with Ctrl-A.
A sky beast appears from thin air!
Reactivating autopickup.
The sky beast flickers out of sight!
Deactivating autopickup; reactivate with Ctrl-A.
You feel yourself speed up. Something hits you.
* * * LOW HITPOINT WARNING * * *
Something shocks you.
* * * LOW HITPOINT WARNING * * *
There is a stone staircase leading down here.
Found 8 gold pieces.
It was a potion of degeneration.
There was something very wrong with that liquid.
You feel weakened.
You feel dopey.
You feel clumsy. Something hits you but does no damage.
You miss something. You bite something. Something hits you but does no damage.
You closely miss something. You closely miss the iguana.
You block the iguana's attack.
You miss something. You barely miss the iguana.
Something hits you but does no damage.
The iguana bites you but does no damage.
You hit something. You barely miss the iguana. Something hits you.
* * * LOW HITPOINT WARNING * * *
Something shocks you.
* * * LOW HITPOINT WARNING * * *
The iguana barely misses you.
You miss something. You bite something. You hit the iguana but do no damage.
Something hits you but does no damage.
You closely miss something. You hit the iguana. You block the iguana's attack.
Something hits you.
* * * LOW HITPOINT WARNING * * *
Something shocks you.
You die...

....##### ####
....#...##...## #
#.#.........$# .
#.............
#.............
#.............
#..).........#
#.......#
#+###.##..@.### .∆
......##..{l#.# ..
###......#......#
#. ....#
#.###>.###
#..##...# ...#..#
#...<...#####.#.##
#...##......#...#
#..?.#...⌠8.....#
##..#.#......##..#


You could see an iguana.

Vanquished Creatures
  Sigmund (D:3)
  Eustachio (D:4)
  3 ice beasts
  An ogre (D:5)
  2 necrophages (D:5)
  A bullfrog (D:6)
  3 scorpions
  A howler monkey (D:4)
  Crazy Yiuf (D:3)
  A hound (D:4)
  Ijyb (D:2)
  An iguana (D:5)
  3 adders
  A white imp (D:3)
  An ufetubus (D:5)
  A dart slug (D:1)
  5 orcs
  4 bats
  7 endoplasms
  3 giant cockroaches
  14 goblins
  6 hobgoblins
  4 quokkas
  11 ball pythons
  5 frilled lizards
  10 kobolds
  6 rats
  A bush (D:1)
99 creatures vanquished.

Vanquished Creatures (others)
  8 plants (D:1)
8 creatures vanquished.

Grand Total: 107 creatures vanquished

Notes
Turn   | Place    | Note
-------+----------+-------------------------------------------
     0 | D:1      | Ijustatesigmund the Gnoll Fighter began the quest for the
                  | Orb.
     0 | D:1      | Reached XP level 1. HP: 23/23 MP: 1/1
   228 | D:1      | Reached XP level 2. HP: 29/29 MP: 2/2
   496 | D:1      | Found a faded altar of an unknown god.
   536 | D:1      | Reached XP level 3. HP: 25/35 MP: 3/3
  1218 | D:2      | Reached skill level 1 in Invocations
  1257 | D:2      | Reached skill level 1 in Short Blades
  1257 | D:2      | Reached skill level 1 in Long Blades
  1257 | D:2      | Reached skill level 1 in Maces & Flails
  1257 | D:2      | Reached skill level 1 in Polearms
  1257 | D:2      | Reached skill level 1 in Staves
  1257 | D:2      | Reached skill level 1 in Slings
  1257 | D:2      | Reached skill level 1 in Bows
  1257 | D:2      | Reached skill level 1 in Crossbows
  1257 | D:2      | Reached skill level 1 in Throwing
  1257 | D:2      | Reached skill level 1 in Dodging
  1257 | D:2      | Reached skill level 1 in Stealth
  1257 | D:2      | Reached skill level 1 in Unarmed Combat
  1257 | D:2      | Reached skill level 1 in Spellcasting
  1257 | D:2      | Reached skill level 1 in Evocations
  1349 | D:2      | Noticed Ijyb
  1360 | D:2      | Reached XP level 4. HP: 41/41 MP: 5/5
  1381 | D:2      | Killed Ijyb
  1451 | D:2      | Found a blossoming altar of Fedhas.
  1480 | D:2      | Reached skill level 1 in Conjurations
  1480 | D:2      | Reached skill level 1 in Hexes
  1480 | D:2      | Reached skill level 1 in Summonings
  1480 | D:2      | Reached skill level 1 in Necromancy
  1480 | D:2      | Reached skill level 1 in Translocations
  1480 | D:2      | Reached skill level 1 in Transmutations
  1480 | D:2      | Reached skill level 1 in Fire Magic
  1480 | D:2      | Reached skill level 1 in Ice Magic
  1480 | D:2      | Reached skill level 1 in Air Magic
  1480 | D:2      | Reached skill level 1 in Earth Magic
  1480 | D:2      | Reached skill level 1 in Poison Magic
  1933 | D:3      | Found a runed translucent door.
  1934 | D:3      | Noticed Crazy Yiuf
  1941 | D:3      | Killed Crazy Yiuf
  1942 | D:3      | Reached XP level 5. HP: 47/47 MP: 5/7
  2003 | D:3      | Found Paogog's Antique Armour Shop.
  2283 | D:3      | Noticed Sigmund
  2283 | D:3      | Noticed an ice beast
  2300 | D:3      | Killed an ice beast
  2301 | D:3      | Reached XP level 6. HP: 27/53 MP: 8/8
  2304 | D:3      | Killed Sigmund
  2305 | D:3      | Reached skill level 5 in Axes
  2642 | D:4      | Found a bloodstained altar of Trog.
  2702 | D:4      | Reached XP level 7. HP: 59/59 MP: 10/10
  2753 | D:4      | Found a broken altar of Ashenzari.
  3043 | D:4      | Noticed Eustachio
  3081 | D:4      | Killed Eustachio
  3327 | D:5      | Entered Level 5 of the Dungeon
  3682 | D:5      | Reached XP level 8. HP: 66/67 MP: 12/12
  3691 | D:5      | Found a stormy altar of Qazlal.
  4093 | D:5      | Found a hazy altar of Hepliaklqana.
  4396 | D:6      | Found a staircase to the Ecumenical Temple.
  4467 | D:6      | Slain by a sky beast

Illustrated notes

Levels and vault maps discovered:
D:1:      amcnicky_arrival_underground_garden, layout_loops_corners,
          ebering_ecumenical_altar_box, lexackson_kobold_supper
D:2:      kennysheep_the_goblin_king, layout_rooms, basic_altar
D:3:      layout_basic, serial_shops, nicolae_shop_statue_plus,
          uniq_crazy_yiuf_cottage, uniq_sigmund
D:4:      layout_loops_ring, mainiacjoe_overflow_alcove_2, lemuel_tele_altar,
          uniq_eustachio
D:5:      layout_gridville, worldfamousw_hep_ancestral_shrine,
          mainiacjoe_overflow_alcove_1
D:6:      layout_rooms, minmay_temple_entry_drinking_statues,
          portal_sewer_entry_c

Skill      XL: |  1  2  3  4  5  6  7  8 |
---------------+-------------------------+-----
Invocations    | 1 2 3 |  3.8
Short Blades   | 1 2 3 |  3.4
Long Blades    | 1 2 3 |  3.4
Maces & Flails | 1 2 3 |  3.4
Polearms       | 1 2 3 |  3.4
Staves         | 1 2 3 |  3.4
Slings         | 1 2 3 |  3.4
Bows           | 1 2 3 |  3.4
Crossbows      | 1 2 3 |  3.4
Throwing       | 1 2 3 |  3.4
Dodging        | 1 2 3 |  3.4
Stealth        | 1 2 3 |  3.4
Unarmed Combat | 1 2 3 |  3.4
Spellcasting   | 1 2 3 |  3.4
Evocations     | 1 2 3 |  3.4
Conjurations   | 1 2 |  2.8
Hexes          | 1 2 |  2.8
Summonings     | 1 2 |  2.8
Necromancy     | 1 2 |  2.8
Translocations | 1 2 |  2.8
Transmutations | 1 2 |  2.8
Fire Magic     | 1 2 |  2.8
Ice Magic      | 1 2 |  2.8
Air Magic      | 1 2 |  2.8
Earth Magic    | 1 2 |  2.8
Poison Magic   | 1 2 |  2.8
Axes           | 5 |  5.8
Fighting       | 7 |  7.4
Armour         | 7 |  7.4
Shields        | 7 |  7.4

Action                   |  1- 3 |  4- 6 |  7- 9 || total
-------------------------+-------+-------+-------++-------
Melee: War axe           |   151 |   119 |   144 ||   414
       Bite              |     9 |    10 |    13 ||    32
  Use: Scroll            |       |     7 |     2 ||     9
       Potion            |       |     3 |     4 ||     7
Armor: Scale mail        |    41 |    16 |       ||    57
       Plate armour      |       |    40 |    90 ||   130
Dodge: Dodged            |    31 |    24 |    36 ||    91
Block: Buckler           |    36 |    72 |    98 ||   206
       Reflection        |       |     1 |       ||     1

Table legend: (Time is in decaauts)
 A = Elapsed time spent in this place.
 B = Non-inter-level travel time spent in this place.
 C = Inter-level travel time spent in this place.
 D = Time resting spent in this place.
 E = Time spent auto-exploring this place.
 F = Levels seen in this place.
 G = Mean time per level.
                   A        B        C        D        E       F      G
               +--------+--------+--------+--------+--------+-----+--------+
         Total |   4530 |   4387 |    143 |    200 |   3246 |   6 |  755.0 |
       Dungeon |   4530 |   4387 |    143 |    200 |   3246 |   6 |  755.0 |
               +--------+--------+--------+--------+--------+-----+--------+

Top non-repeatable levels by time:
     D:1: 1233 daAuts
     D:5: 1061 daAuts
     D:3: 860 daAuts
     D:4: 762 daAuts
     D:2: 531 daAuts
     D:6: 81 daAuts
